 Dungeon Crawl Stone Soup version 0.21.1-1-g345015fe64 (webtiles) character file.

57 RepoMan the Insei (level 3, -2/29 HPs)
             Began as a Draconian Transmuter on July 7, 2018.
             Slain by a gnoll
             ... wielding a +0 club
              (12 damage)
             ... on level 1 of the Dungeon.
             The game lasted 00:05:15 (1256 turns).

RepoMan the Insei (Draconian Transmuter)            Turns: 1256, Time: 00:05:16

Health: -2/29      AC:  8    Str: 12    XL:     3   Next: 73%
Magic:  2/6        EV: 12    Int: 13    God:
Gold:   69         SH:  0    Dex: 12    Spells: 0/6 levels left

rFire    . . .     SeeInvis .     - Unarmed
rCold    . . .     Gourm    .   (no shield)
rNeg     . . .     Faith    .   (armour unavailable)
rPois    .         Spirit   .   (helmet restricted)
rElec    .         Reflect  .   (no cloak)
rCorr    .         Harm     .   (no gloves)
MR       .....                  j - +2 pair of boots
Stlth    +.........             (no amulet)
HPRegen  0.09/turn              (no ring)
MPRegen  0.10/turn              (no ring)

@: appendage, very slightly contaminated
A: unfitting armour, horns 2, cold-blooded, AC +5
a: End Transformation


You were on level 1 of the Dungeon.
You were not hungry.
You had grown temporary horns.
You visited 1 branch of the dungeon, and saw 2 of its levels.

You collected 69 gold pieces.

Inventory:

Missiles
 a - 40 arrows
Armour
 j - a +2 pair of boots (worn)
Scrolls
 d - 2 scrolls of immolation {unknown}
 e - a scroll of amnesia {unknown}
 g - 4 scrolls of identify {unknown}
 h - a scroll of teleportation {unknown}
 k - 3 scrolls of remove curse {unknown}
Potions
 i - a potion of agility {unknown}
Books
 b - a book of Changes

   Spells                             Type                      Level
   a - Beastly Appendage              Transmutation                1
   b - Sticks to Snakes               Transmutation                2
   c - Spider Form                    Transmutation/Poison         3
   d - Ice Form                       Ice/Transmutation            4
   e - Blade Hands                    Transmutation                5
Comestibles
 c - 4 rations
 f - 8 chunks of flesh


   Skills:
 + Level 1.8 Fighting
 - Level 1.7 Dodging
 * Level 3.6 Unarmed Combat
 + Level 2.3 Spellcasting
 * Level 2.8 Transmutations


You couldn't memorise any spells.
You knew the following spells:

 Your Spells              Type           Power        Failure   Level  Hunger
a - Beastly Appendage     Tmut           #.....       8%          1    #......
c - Spider Form           Tmut/Pois      #.........   38%         3    ###....
t - Sticks to Snakes      Tmut           #.......     12%         2    ###....


Dungeon Overview and Level Annotations

Branches:
Dungeon (2/15)

Altars:
Fedhas


Innate Abilities, Weirdness & Mutations

Your plain brown scales are hard. (AC +5)
You cannot fit into any form of body armour.
You are cold-blooded and may be slowed by cold attacks.
You have a pair of horns on your head.


Message History

a falchion; a chain mail; the human corpse of Terence
There is a stone staircase leading up here.
The gnoll barely misses you.
Your magical contamination has completely faded away.
Some of the chunks of flesh in your inventory have rotted away.
You climb upwards.
There is a stone staircase leading down here.
Casting: Spider Form
Confirm with . or Enter, or press ? or * to list all spells.
You miscast Spider Form.
You are very lightly contaminated with residual magic.
Nothing appears to happen.
The gnoll hits you but does no damage.
Casting: Spider Form
Confirm with . or Enter, or press ? or * to list all spells.
You grow a pair of large bovine horns.
You barely miss the gnoll. The gnoll completely misses you.
You closely miss the gnoll. The gnoll hits you with a club!
You hit the gnoll but do no damage. The gnoll hits you but does no damage.
You closely miss the gnoll. The gnoll hits you with a club!
You die...

........#
##''#######.###.......#
...######
#...........######.....
...#
#............##.......#
..##
#...)#.#.....#.#.....#.
..#
##...........#..#...#..
### #.#.#.#.#...#...#.#...
##...........#.....####
#..#.#g#.#.#######.#...
#.....@....# #..#..
#....#.#...# #...#.
#..........# #####....# #
####.....##..####......###
#
#.........................
####
#.##.....########......###
...# #.########
#...........### ##.# #.#
#.............. ##.# #.#
#..............


You could see a gnoll.

Vanquished Creatures
  Terence (D:2)
  An adder (D:2)
  A worm (D:2)
  2 giant cockroaches
  6 goblins
  A hobgoblin (D:1)
  4 kobolds
  A quokka (D:2)
  A bat (D:1)
  2 frilled lizards (D:2)
  4 rats (D:1)
24 creatures vanquished.

Notes
Turn   | Place    | Note
-------+----------+-------------------------------------------
     0 | D:1      | RepoMan the Draconian Transmuter began the quest for the Orb.
     0 | D:1      | Reached XP level 1. HP: 16/16 MP: 3/3
   481 | D:1      | Reached XP level 2. HP: 23/23 MP: 3/5
   488 | D:1      | Learned a level 2 spell: Sticks to Snakes
  1014 | D:2      | Noticed Terence
  1044 | D:2      | Killed Terence
  1044 | D:2      | Reached XP level 3. HP: 29/29 MP: 1/6
  1101 | D:2      | Learned a level 3 spell: Spider Form
  1140 | D:2      | Found a blossoming altar of Fedhas.
  1256 | D:1      | Slain by a gnoll

Action                   || total
-------------------------++-------
Melee: Unarmed           ||    97
       Kick              ||     3
       Headbutt          ||     8
       Tailslap          ||     9
 Cast: Beastly Appendage ||    12
       Sticks to Snakes  ||     2
       Spider Form       ||     1
  Use: Potion            ||     1
 Stab: Sleeping          ||     1
  Eat: Chunk             ||     2
Armor: Skin              ||    28
Dodge: Dodged            ||    68
